Map: Thunderbird LE

Players

pHARM - Winner!

  • Race: Zerg Zerg
  • League: Platinum
  • Spawn Location: 5:00

TyYpo

  • Race: Zerg Zerg
  • League: Platinum
  • Spawn Location: 11:00

VOD

Have the link to the VOD?

Description

Time

  • Played on: Sept. 14, 2019, 2:51 p.m.
  • Length: 10:35
Show
View Real Time Build Order
Export as new Build Order

pHARM Zerg - Winner!

Build Orders: Hatch First 

Get SALT Encoding   

  12  0:01  Drone  
  13  0:15  Overlord  
  13  0:22  Drone  
  14  0:34  Drone  
  14  0:35  Drone  
  16  0:51  Hatchery  
  16  0:57  Drone x2  
  16  1:03  Drone  
  18  1:20  Spawning Pool  
  18  1:22  Drone  
  18  1:23  Drone  
  19  1:34  Drone  
  20  1:47  Extractor  
  19  1:50  Drone  
  20  2:01  Overlord  
  20  2:08  Queen x2  
  20  2:10  Drone x2  
  26  2:31  Drone  
  26  2:32  Drone x3  
  30  2:45  Zergling x4  
  30  2:49  Zergling x4  
  34  2:53  Queen  
  36  3:02  Baneling Nest  
  35  3:13  Drone  
  36  3:26  Evolution Chamber  
  35  3:30  Evolution Chamber, Queen  
  36  3:34  Spine Crawler  
  36  3:36  Drone  
  36  3:38  Overlord x3  
  36  3:52  Baneling x3  
  35  4:06  Drone x9  
  43  4:33  Zergling x4  
  43  4:34  Drone x3  
  48  4:41  Lair  
  48  4:46  Drone  
  49  4:53  Baneling x3  
  49  4:54  Roach Warren  
  49  4:59  Extractor  
  47  5:00  Extractor  
  41  5:22  Queen  
  41  5:25  Evolution Chamber  
  42  5:31  Roach Warren  
  41  5:37  Zergling x4  
  41  5:38  Zergling x4, Drone  
  41  5:39  Drone x7  
  53  5:55  Zergling x4  
  53  5:56  Baneling x3  
  52  6:26  Baneling x3  
  52  6:32  Roach  
  58  6:33  Roach x3  
  56  6:46  Zergling x8  
  53  7:15  Roach Warren  
  52  7:24  Overlord x2  
  52  7:25  Overlord  
  52  7:29  Baneling  
  52  7:30  Baneling x2  
  52  7:31  Baneling x2  
  52  7:33  Queen  
  47  8:03  Zergling x12  
  51  8:16  Zergling x4  
  52  8:35  Baneling x3  
  52  8:36  Baneling  
  51  8:45  Roach x2  
  51  8:46  Roach x2  
  58  8:58  Hatchery  
  57  9:09  Evolution Chamber  
  55  9:13  Roach x7  
  63  9:28  Baneling x3  
  63  9:29  Baneling  
  63  9:35  Roach  
  63  9:36  Roach x4  
  69  10:05  Baneling Nest  
  70  10:15  Roach Warren  
Show
View Real Time Build Order
Export as new Build Order

TyYpo Zerg 

Build Orders: Hatch First, Zergling Baneling 

Get SALT Encoding   

  12  0:01  Drone  
  13  0:12  Drone  
  14  0:19  Overlord  
  14  0:38  Drone x2  
  14  0:39  Drone  
  17  0:52  Hatchery  
  16  1:04  Drone x2  
  18  1:08  Extractor  
  17  1:14  Spawning Pool  
  17  1:17  Drone  
  17  1:23  Drone  
  19  1:32  Drone  
  19  1:44  Drone  
  20  1:54  Overlord  
  20  2:05  Queen  
  20  2:06  Queen  
  24  2:12  Zergling x4  
  26  2:15  Drone x2  
  28  2:27  Drone x2  
  30  2:42  Drone, Baneling Nest  
  30  2:43  Drone  
  31  2:52  Zergling x2  
  31  2:53  Zergling x2  
  33  2:59  Overlord x2  
  33  3:11  Zergling x4  
  35  3:21  Zergling x2  
  35  3:22  Zergling x10  
  35  3:27  Baneling x4  
  38  3:56  Zergling x22  
  38  4:00  Baneling x3  
  38  4:01  Baneling x2  
  48  4:10  Overlord x2  
  48  4:18  Hatchery  
  45  4:24  Zergling x2  
  45  4:25  Zergling x2  
  41  4:37  Drone x7  
  41  4:38  Drone  
  49  4:42  Baneling x6  
  49  4:43  Baneling x3  
  49  4:56  Drone x3  
  48  5:10  Zergling x2  
  48  5:11  Zergling x8  
  46  5:17  Zergling x2  
  46  5:21  Zergling x2  
  48  5:29  Baneling x4  
  48  5:34  Zergling x10  
  51  5:54  Overlord  
  51  5:56  Zergling x16  
  59  6:09  Baneling x5  
  55  6:31  Zergling x20  
  61  6:43  Zergling x4  
  60  6:53  Zergling x2  
  60  6:54  Zergling x6  
  59  7:15  Baneling x2  
  59  7:16  Baneling x6  
  59  7:24  Queen  
  51  8:05  Zergling x2  
  51  8:06  Zergling x22  
  51  8:08  Metabolic Boost  
  62  8:20  Zergling x8  
  62  8:23  Baneling  
  57  8:44  Queen  
  60  8:48  Zergling x2  
  60  8:49  Zergling x10  
  62  9:06  Zergling x2  
  62  9:07  Zergling x10  
  67  9:13  Zergling x2  
  67  9:14  Zergling x2  
  69  9:18  Baneling x2  
  69  9:19  Baneling x4  
  69  9:20  Queen  
  69  9:21  Zergling x6  
  70  9:28  Overlord x2  
  65  9:36  Zergling x2  
  63  9:45  Zergling x2  
  58  9:46  Zergling x2  
  58  9:52  Zergling x2  
  58  9:53  Zergling x4  
  57  10:00  Zergling x8  
  55  10:12  Zergling x4  
  58  10:29  Hatchery  
  58  10:31  Hatchery  
Tags
 
Add a new tag
Caveats
  • Supply blocks, unpowered buildings, or Contaminate may cause inaccurate times.
  • Supply counts are checked every 10 seconds.